 Dungeon Crawl Stone Soup version 0.29-a0-370-gb5314be063 (webtiles) character file.

Game seed: 17886811809945126307

90 Colgate the Cutter (level 4, 0/26 HPs)
             Began as a Kobold Brigand on May 2, 2022.
             Was a Follower of Makhleb.
             Slain by a hobgoblin (1 damage)
             ... led by Robin
             ... on level 2 of the Dungeon.
             The game lasted 00:05:24 (2358 turns).

Colgate the Cutter (Kobold Brigand)                 Turns: 2358, Time: 00:05:24

Health: 0/26       AC:  5    Str:  8    XL:     4   Next: 85%
Magic:  4/4        EV: 14    Int: 12    God:    Makhleb [*.....]
Gold:   98         SH:  0    Dex: 18    Spells: 3/3 levels left

rFire   . . .      SeeInvis .   a - +2 dagger
rCold   + . .      Faith    .   (no shield)
rNeg    . . .      Spirit   .   b - +0 robe
rPois   .          Reflect  .   n - +0 helmet
rElec   .          Harm     .   c - +0 cloak
rCorr   .          Rampage  .   (no gloves)
Will    .....                   k - +0 pair of boots
Stlth   ++++......              (no amulet)
HPRegen 0.08/turn               g - ring of protection from cold
MPRegen 0.09/turn               (no ring)

@: no status effects
A: small, no large weapons, nightstalker 3
a: Renounce Religion


You were on level 2 of the Dungeon.
You worshipped Makhleb.
Makhleb was aware of your devotion.
You visited 1 branch of the dungeon, and saw 2 of its levels.

You collected 98 gold pieces.

Inventory:

Hand Weapons
 a - a +2 dagger (weapon)
 m - a +1 dagger of holy wrath
Missiles
 d - 15 poisoned darts (quivered)
 e - 3 curare-tipped darts
Armour
 b - a +0 robe (worn)
 c - a +0 cloak (worn)
 k - a +0 pair of boots (worn)
 n - a +0 helmet (worn)
Jewellery
 g - a ring of protection from cold (left hand)
Wands
 j - a wand of acid (10) {@v1}
Scrolls
 h - a scroll of blinking {unknown}
 i - a scroll of vulnerability {unknown}
 l - 4 scrolls of teleportation {@r3}
 o - a scroll of fog {unknown}
 q - a scroll of enchant weapon {unknown}
 t - a scroll of identify {@r1}
Potions
 f - 2 potions of heal wounds {@q2}
 p - a potion of haste {unknown}
 r - a potion of brilliance {unknown}
 s - a potion of curing {unknown}


   Skills:
 - Level 2.1 Fighting
 + Level 6.2 Short Blades
 - Level 2.1 Throwing
 - Level 1.2 Dodging
 - Level 5.3 Stealth


You had 3 spell levels left.
You didn't know any spells.
Your spell library contained the following spells:

 Spells                   Type           Power      Damage    Failure   Level
 Corpse Rot               Necr/Air       0%         N/A       45%         2
 Poisonous Vapours        Pois/Air       0%         N/A       45%         2
 Ignite Poison            Fire/Tmut/Pois 0%         N/A       69%         3
 Mephitic Cloud           Conj/Pois/Air  0%         N/A       69%         3
 Freezing Cloud           Conj/Ice/Air   0%         6-21      100%        5


Dungeon Overview and Level Annotations

Branches:
Dungeon (2/15)

Altars:
Makhleb
Okawaru


Innate Abilities, Weirdness & Mutations

You are small and have problems with some larger weapons.
You are completely attuned to the shadows.


Message History

There are monsters nearby!
You are too injured to fight recklessly!
There are monsters nearby!
You are too injured to fight recklessly!
There are monsters nearby!
You are too injured to fight recklessly!
There are monsters nearby!
You are too injured to fight recklessly!
There are monsters nearby!
You are too injured to fight recklessly!
There are monsters nearby!
You are too injured to fight recklessly!
There are monsters nearby!
You are too injured to fight recklessly!
There are monsters nearby!
You are too injured to fight recklessly!
There are monsters nearby!
You are too injured to fight recklessly!
There are monsters nearby!
You are too injured to fight recklessly!
There are monsters nearby!
You are too injured to fight recklessly!
There are monsters nearby!
You are too injured to fight recklessly!
There are monsters nearby!
You are too injured to fight recklessly!
There are monsters nearby!
You are too injured to fight recklessly!
There are monsters nearby!
You are too injured to fight recklessly!
There are monsters nearby!
The goblin attacks as you move away! The goblin hits you but does no damage.
The hobgoblin attacks as you move away! The hobgoblin hits you.
* * * LOW HITPOINT WARNING * * *
The hobgoblin closely misses you. The goblin closely misses you.
The goblin attacks as you move away! The goblin misses you.
The hobgoblin no longer looks unusually strong.
The hobgoblin hits you but does no damage.
The hobgoblin attacks as you move away! The hobgoblin hits you.
You die...

......#######.#.###....#.#.#
....#...........# ##...#.#.#
....#.#######.######...#.#.#
....#................>.#.#.#
###.#.#######.########.#.#.#
#.#............####..#.#.#
#.#..######........g.#.#.#
#.#..# ####.####).#.#.#
#.#..##### #@####g.#.#.#
#.#......# #.gggg......#
#.#.####.# #.#######.###
#.#...##.########....#.#
#.##...........##.##.#.#
#........#####.##.##.#.#
########## #.##.##.#.#
#.##.##.#.# #.##......#


You could see 2 hobgoblins and 2 goblins.

Vanquished Creatures
  Robin (D:2)
  A gnoll (D:1)
  2 adders (D:2)
  A dart slug (D:2)
  7 endoplasms
  2 giant cockroaches (D:1)
  9 goblins
  4 hobgoblins
  4 quokkas
  2 ball pythons (D:1)
  3 bats
  2 frilled lizards (D:1)
  4 kobolds
  5 rats
47 creatures vanquished.

Notes
Turn   | Place    | Note
-------+----------+-------------------------------------------
     0 | D:1      | Colgate the Kobold Brigand began the quest for the Orb.
     0 | D:1      | Reached XP level 1. HP: 12/12 MP: 1/1
    53 | D:1      | Reached skill level 3 in Short Blades
    89 | D:1      | Reached XP level 2. HP: 13/17 MP: 2/2
   271 | D:1      | Reached skill level 4 in Short Blades
   312 | D:1      | Reached XP level 3. HP: 5/21 MP: 3/3
   312 | D:1      | HP: 1/21 [kobold/+0 club (4)]
   900 | D:1      | Reached skill level 5 in Short Blades
  1031 | D:1      | Found a faded altar of an unknown god.
  1194 | D:1      | Prayed at the altar of an unknown god.
  1194 | D:1      | Became a worshipper of Makhleb the Destroyer
  1194 | D:1      | Reached * piety under Makhleb
  1322 | D:2      | Noticed Robin
  1363 | D:2      | Found an iron altar of Okawaru.
  1582 | D:2      | Reached XP level 4. HP: 19/26 MP: 4/4
  2341 | D:2      | Killed Robin
  2342 | D:2      | Reached skill level 6 in Short Blades
  2350 | D:2      | HP: 1/26 [hobgoblin[Robin] (3)]
  2358 | D:2      | Slain by a hobgoblin

Illustrated notes

Levels and vault maps discovered:
D:1:      minmay_arrival_five_plusses, layout_loops_cross,
          ebering_ecumenical_altar_webs, minmay_domino_4
D:2:      layout_basic, basic_altar, kennysheep_decorative_pillar, uniq_sigmund,
          uniq_robin

Skill      XL: |  1  2  3  4 |
---------------+-------------+-----
Short Blades   | 3 4 5 6 |  6.2
Fighting       | |  2.1
Throwing       | |  2.1
Dodging        | |  1.2
Stealth        | |  5.3

Action                   |  1- 3 |  4- 6 || total
-------------------------+-------+-------++-------
Melee: Dagger            |   101 |    50 ||   151
  Use: Scroll            |     2 |       ||     2
 Stab: Sleeping          |    14 |     4 ||    18
Armor: Robe              |    17 |    13 ||    30
Dodge: Dodged            |    71 |    38 ||   109

Table legend: (Time is in decaauts)
 A = Elapsed time spent in this place.
 B = Non-inter-level travel time spent in this place.
 C = Inter-level travel time spent in this place.
 D = Time resting spent in this place.
 E = Time spent auto-exploring this place.
 F = Levels seen in this place.
 G = Mean time per level.
                   A        B        C        D        E       F      G
               +--------+--------+--------+--------+--------+-----+--------+
         Total |   2320 |   2237 |     83 |      0 |   1892 |   2 | 1160.0 |
       Dungeon |   2320 |   2237 |     83 |      0 |   1892 |   2 | 1160.0 |
               +--------+--------+--------+--------+--------+-----+--------+

Top non-repeatable levels by time:
     D:1: 1209 daAuts
     D:2: 1110 daAuts
